 Dungeon Crawl Stone Soup version 0.30-a0-883-g5ad918d77d (webtiles) character file.

Game seed: 16346856563040106207

48115 NinjaNoafa the Warrior (level 14, -5/125 HPs)
             Began as a Djinni Conjurer on Mar 17, 2023.
             Was a Priest of Ashenzari.
             Killed from afar by a manticore (7 damage)
             ... with a volley of spikes
             ... on level 11 of the Dungeon.
             The game lasted 00:39:43 (14899 turns).

NinjaNoafa the Warrior (Djinni Conjurer)           Turns: 14899, Time: 00:39:43

Health: -5/125     AC: 10    Str:  6    XL:     14   Next: 85%
Gold:   948        EV: 21    Int: 34    God:    Ashenzari [***...] SH:  5 Dex: 17

rFire   + + .      SeeInvis +    g - staff of cold
rCold   . . .      Faith    .    (no shield)
rNeg    . . .      Spirit   .    R - +1 robe of Submission {Int+8}
rPois   ∞          Reflect  +    o - +0 helmet "Gnostic Augurer" {Self, Melee} (curse)
rElec   .          Rampage  .    (no cloak)
rCorr   .          Clarity  +    m - +0 pair of gloves "Share My Mistrust" {Cun, Range} (curse)
Will    +....                    (boots unavailable)
Stlth   +++                      B - amulet of reflection
HPRegen 0.40/turn                z - ring of the Sublime Suspicion {Dex+6, Self, Cun} (curse)
MPRegen 0.00/turn                G - ring "Circumscribed Together" {AC+4, Cun, Self} (curse)

@: spiked, flying
A: sickness immunity, fire resistance 2, cold vulnerability 1, float, innate
caster, HP casting, extra vitality 1
a: Renounce Religion, Curse Item, Shatter the Chains


You were on level 11 of the Dungeon.
You worshipped Ashenzari.
Ashenzari was most pleased with you.
You visited 3 branches of the dungeon, and saw 17 of its levels.
You also visited: Ossuary.

You collected 948 gold pieces.

Inventory:

Missiles
 t - 11 boomerangs
 C - 35 poisoned darts
 P - 7 javelins
Armour
 m - the cursed +0 pair of gloves "Share My Mistrust" (worn) {Cun, Range}
   (You found it on level 2 of the Dungeon)

   It has a curse which improves the following skills: Cunning: Dodging and
   Stealth.
   Ranged Combat: Ranged Weapons and Throwing.
 o - the cursed +0 helmet "Gnostic Augurer" (worn) {Self, Melee}
   (You took it off Robin on level 2 of the Dungeon)

   It has a curse which improves the following skills: Introspection: Fighting
   and Spellcasting.
   Melee Combat: Short Blades, Long Blades, Axes, Maces & Flails, Polearms,
   Staves and Unarmed Combat.
 R - the +1 robe of Submission (worn) {Int+8}
   (You found it on level 5 of the Lair of Beasts)

   Int:       It affects your intelligence (+8).
Magical Staves
 a - a staff of death
 g - a staff of cold (weapon)
 k - a staff of earth
 N - a staff of fire
Jewellery
 z - the cursed ring of the Sublime Suspicion (left hand) {Dex+6, Self, Cun}
   (You found it on level 5 of the Dungeon)

   [ring of dexterity]

   Dex:       It affects your dexterity (+6).
   It has a curse which improves the following skills: Introspection: Fighting
   and Spellcasting.
   Cunning:   Dodging and Stealth.
 B - an amulet of reflection (around neck)
 D - a ring of fire
 G - the cursed ring "Circumscribed Together" (right hand) {AC+4, Cun, Self}
   (You found it in an ossuary)

   [ring of protection]

   AC:        It affects your AC (+4).
   It has a curse which improves the following skills: Cunning: Dodging and
   Stealth.
   Introspection: Fighting and Spellcasting.
Wands
 y - a wand of iceblast (11)
 L - a wand of paralysis (30)
 M - a wand of mindburst (13)
 Q - a wand of acid (6)
 S - a wand of flame (8)
Scrolls
 e - 7 scrolls of fog
 f - a scroll of acquirement
 h - 2 scrolls of torment
 l - 4 scrolls of vulnerability
 n - 2 scrolls of enchant weapon
 q - 3 scrolls of silence
 s - 4 scrolls of magic mapping
 v - 2 scrolls of teleportation
 w - 2 scrolls of butterflies
 x - 2 scrolls of noise
 E - 2 scrolls of fear
 H - 3 scrolls of blinking
 I - 4 scrolls of poison
 O - a scroll of immolation
Potions
 b - 4 potions of might
 c - a potion of ambrosia
 d - 6 potions of attraction
 i - 2 potions of lignification
 j - 7 potions of curing
 r - 6 potions of brilliance
 u - 3 potions of resistance
 A - 2 potions of flight
 F - 3 potions of invisibility
 J - a potion of haste
 K - a potion of berserk rage
 T - a potion of cancellation


   Skills:
 + Level 17.1(20.1) Fighting
 - Level 7.0 Armour
 - Level 11.8(15.0) Dodging
 - Level 1.5(3.6) Stealth
 - Level 10.1(13.3) Spellcasting
 - Level 4.0 Evocations


You knew the following spells:

 Your Spells              Type           Power      Damage    Failure   Level
a - Gell's Gravitas       Tloc           85%        N/A       1%          3
b - Searing Ray           Conj           100%       2d8       0%          2
c - Dazzling Flash        Conj/Hex       100%       N/A       1%          3
d - Fulminant Prism       Conj/Hex       42%        3d19      1%          4
e - Summon Mana Viper     Hex/Summ       85%        N/A       1%          5
f - Airstrike             Air            42%        2d(7-23)  1%          4
g - Scorch                Fire           100%       2d10      0%          2
h - Teleport Other        Tloc           85%        N/A       1%          3
i - Magic Dart            Conj           100%       1d8       0%          1
j - Shock                 Conj/Air       100%       1d9       0%          1
k - Iskenderun's Mystic   Conj/Tloc      85%        2d17      1%          4
Your spell library was empty.

Dungeon Overview and Level Annotations

Branches:
Dungeon (11/15)            Temple (1/1) D:7            Lair (5/5) D:9
  Swamp (0/4) Lair:2       Spider (0/4) Lair:2        Slime (0/5) Lair:5
    Orc (0/2) D:10        Ossuary (visited)

Altars:
Ashenzari
Cheibriados
Dithmenos
Elyvilon
Fedhas
Gozag
Hepliaklqana
Makhleb
Nemelex Xobeh
Okawaru
Qazlal
Ru
Trog
Uskayaw
Wu Jian
Xom
Yredelemnul
Zin
The Shining One

Annotations:
D:4 1 runed translucent door, Crazy Yiuf
D:9 Erica


Innate Abilities, Weirdness & Mutations

You are immune to sickness and miasma.
You are immune to poison.
Your flesh is very heat resistant. (rF++)
You are vulnerable to cold. (rC-)
You float through the air rather than walking.
You learn spells naturally, not from books.
Your magical power is your life essence.
You have superior vitality. (+4 MHP)


Message History

Press: ? - help, Shift-Dir - straight line, f - centaur warrior simulacrum
Aim: a centaur warrior simulacrum (severely damaged, 98% to hit)
The searing ray hits the centaur warrior simulacrum!
The centaur warrior simulacrum is almost destroyed. (Press . to maintain the ray.)
* * * LOW HITPOINT WARNING * * *
A manticore comes into view.
Casting: Searing Ray (safe; 0% risk of failure)
Confirm with . or Enter, or press ? or * to list all spells.
Flames lash the centaur warrior simulacrum.
The centaur warrior simulacrum melts!
The centaur warrior simulacrum vaporises!
* * * LOW HITPOINT WARNING * * *
The manticore flicks its tail.
The volley of spikes misses you.
Casting: Scorch (safe; 0% risk of failure)
Confirm with . or Enter, or press ? or * to list all spells.
Flames lash the manticore.
The manticore is lightly wounded.
The manticore's fire resistance burns away.
* * * LOW HITPOINT WARNING * * *
Casting: Scorch (safe; 0% risk of failure)
Confirm with . or Enter, or press ? or * to list all spells.
Flames lash the manticore.
The manticore is burned terribly!
The manticore is heavily wounded.
* * * LOW HITPOINT WARNING * * *
An unseen horror comes into view.
The manticore flicks its tail.
The volley of spikes hits you!!
The barbed spikes become lodged in your body.
* * * LOW HITPOINT WARNING * * *
Casting: Scorch (safe; 0% risk of failure)
Confirm with . or Enter, or press ? or * to list all spells.
Flames lash the manticore.
The manticore is burned terribly!
The manticore is severely wounded.
* * * LOW HITPOINT WARNING * * *
The manticore flicks its tail.
The volley of spikes hits you!
The barbed spikes become lodged in your body.
You die...

##########** * **
##........#, , ** ,
.....H.@..#, ,,,
..........#∆ , ,
................. .... ,
................. ......
, ,
...x.................$..
*
........................
,,
,.....$....#.............
..........#.............
, .........#.............


You could see a manticore (combustible) and an unseen horror (invisible).

Vanquished Creatures
  2 hydras
  A centaur warrior (D:11)
  A catoblepas (Lair:5)
  2 two-headed ogres (D:9)
  A tengu warrior (D:9)
  16 death yaks
  Urug (Lair:3)
  A pharaoh ant (Lair:2)
  A necromancer (Lair:5)
  A deep elf pyromancer (D:11)
  An ugly thing (D:8)
  A cyclops (D:7)
  7 elephants
  3 torpor snails
  Joseph (D:8)
  A black mamba (Lair:3)
  7 cane toads
  4 komodo dragons
  An unseen horror (D:10)
  Psyche (D:8)
  2 rime drakes
  An efreet (D:11)
  A polar bear (Lair:5)
  A hornet (D:9)
  Prince Ribbit (D:7)
  13 blink frogs
  3 dream sheep (Lair:5)
  A centaur simulacrum (D:11)
  A jumping spider (Lair:2)
  3 shadows
  38 yaks
  2 wraiths
  5 wyverns
  A basilisk (Lair:5)
  2 steam dragons (D:6)
  3 redbacks (Lair:2)
  14 water moccasins
  Duvessa (D:7)
  3 ice beasts (D:6)
  4 black bears
  18 wolves
  4 centaurs
  2 ogres
  A phantom (D:5)
  3 kobold brigands
  13 bullfrogs
  A scorpion (D:4)
  12 wights
  Dowan (D:7)
  5 killer bees (D:10)
  2 howler monkeys
  An electric eel (Lair:3)
  4 hounds
  2 jellies (D:5)
  5 orc priests
  Natasha (thrice) (D:2)
  2 gnoll boudas
  2 sleepcaps
  5 iguanas
  Ijyb (D:5)
  Terence (D:2)
  3 orc wizards
  2 polar bear simulacra (Lair:5)
  3 yak simulacra (Lair:5)
  2 wolf simulacra (Lair:5)
  3 mummies (Ossuary)
  Robin (D:2)
  9 gnolls
  7 adders
  A shadow imp (D:5)
  4 white imps
  2 ufetubi
  A worm (D:2)
  A dart slug (D:1)
  25 orcs
  6 endoplasms
  4 giant cockroaches
  15 goblins
  7 hobgoblins
  7 quokkas
  2 training dummies (D:7)
  3 ball pythons
  3 bats (D:2)
  6 frilled lizards
  A goblin zombie (Ossuary)
  3 hobgoblin zombies (Ossuary)
  18 kobolds
  2 kobold zombies (Ossuary)
  3 rats
  4 river rat simulacra (Lair:5)
390 creatures vanquished.

Vanquished Creatures (collateral kills)
  A dire elephant (Lair:5)
  A deep troll shaman (Lair:5)
  A black mamba (Lair:4)
  7 elephants
  A cane toad (Lair:4)
  2 polar bears
  A wyvern (Lair:4)
  A water moccasin (Lair:4)
15 creatures vanquished.

Vanquished Creatures (others)
  36 fulminant prisms
  28 fungi
  41 plants
105 creatures vanquished.

Grand Total: 510 creatures vanquished

Notes
Turn   | Place    | Note
-------+----------+-------------------------------------------
     0 | D:1      | NinjaNoafa the Djinni Conjurer began the quest for the Orb.
     0 | D:1      | NinjaNoafa set off with the following spells memorised:
                  | Magic Dart, Searing Ray, Dazzling Flash, Fulminant Prism,
                  | Iskenderun's Mystic Blast.
     0 | D:1      | Reached XP level 1. HP: 15/15 MP: 0/0
    78 | D:1      | Reached XP level 2. HP: 12/22 MP: 0/0
   329 | D:1      | Reached skill level 1 in Fighting
   396 | D:1      | Found a faded altar of an unknown god.
   756 | D:2      | Reached XP level 3. HP: 23/27 MP: 0/0
   756 | D:2      | Learned a level 1 spell: Shock
   772 | D:2      | Noticed Natasha
   784 | D:2      | Killed Natasha
   785 | D:2      | Reached XP level 4. HP: 27/33 MP: 0/0
   794 | D:2      | Noticed Terence
  1096 | D:2      | Noticed Robin
  1121 | D:2      | Reached skill level 2 in Fighting
  1128 | D:2      | Killed Robin
  1260 | D:2      | Killed Terence
  1261 | D:2      | Reached XP level 5. HP: 28/39 MP: 0/0
  1261 | D:2      | Learned a level 2 spell: Scorch
  1287 | D:2      | Noticed Natasha
  1290 | D:2      | Killed Natasha
  1323 | D:2      | Noticed Natasha
  1327 | D:2      | Killed Natasha
  1960 | D:3      | Reached XP level 6. HP: 43/45 MP: 0/0
  2408 | D:4      | Reached skill level 3 in Fighting
  2413 | D:4      | Reached skill level 5 in Spellcasting
  2468 | D:4      | Found a runed translucent door.
  2469 | D:4      | Noticed Crazy Yiuf
  3299 | D:5      | Entered Level 5 of the Dungeon
  3314 | D:5      | Reached XP level 7. HP: 38/50 MP: 0/0
  3314 | D:5      | Learned a level 3 spell: Teleport Other
  3404 | D:5      | Noticed Ijyb
  3412 | D:5      | Killed Ijyb
  3439 | D:5      | Found a white marble altar of Elyvilon.
  3505 | D:5      | Reached skill level 4 in Fighting
  3910 | D:5      | Reached XP level 8. HP: 41/58 MP: 0/0
  4209 | D:6      | You are sucked into a shaft and drop 3 floors!
  4252 | D:8      | Reached skill level 5 in Fighting
  4286 | D:8      | Noticed a yak
  4295 | D:8      | Noticed Psyche
  4302 | D:8      | Killed Psyche
  4525 | D:6      | Reached XP level 9. HP: 20/66 MP: 0/0
  4525 | D:6      | Learned a level 3 spell: Gell's Gravitas
  4555 | D:6      | Found a sand-covered staircase.
  4560 | Ossuary  | Entered an ossuary
  4703 | Ossuary  | Reached skill level 6 in Fighting
  4942 | Ossuary  | Identified a scroll of acquirement
  5496 | D:6      | Reached skill level 7 in Fighting
  5660 | D:7      | Noticed Duvessa
  5660 | D:7      | Noticed Dowan
  5665 | D:7      | Killed Dowan
  5665 | D:7      | Killed Duvessa
  5712 | D:7      | Noticed a cyclops
  5720 | D:7      | Killed a cyclops
  5721 | D:7      | Reached skill level 8 in Fighting
  5721 | D:7      | Reached XP level 10. HP: 60/76 MP: 0/0
  5730 | D:7      | Noticed Prince Ribbit
  5734 | D:7      | Killed Prince Ribbit
  5739 | D:7      | Reached skill level 9 in Fighting
  5884 | D:7      | Found a broken altar of Ashenzari.
  5909 | D:7      | Became a worshipper of Ashenzari the Shackled
  5992 | D:7      | Found a staircase to the Ecumenical Temple.
  6022 | Temple   | Entered the Ecumenical Temple
  6233 | D:7      | Found an opulent altar of Gozag.
  6380 | D:8      | Noticed a green ugly thing
  6391 | D:8      | Killed a green ugly thing
  6392 | D:8      | Reached skill level 10 in Fighting
  6454 | D:8      | Noticed Joseph
  6461 | D:8      | Killed Joseph
  6570 | D:8      | Reached XP level 11. HP: 57/85 MP: 0/0
  6570 | D:8      | Learned a level 4 spell: Airstrike
  6571 | D:8      | Reached skill level 10 in Spellcasting
  6742 | D:8      | Reached skill level 5 in Dodging
  7008 | D:9      | Noticed a two-headed ogre
  7018 | D:9      | Killed a two-headed ogre
  7093 | D:9      | Reached skill level 1 in Armour
  7093 | D:9      | Reached skill level 1 in Evocations
  7291 | D:9      | Noticed a tengu warrior
  7299 | D:9      | Killed a tengu warrior
  7359 | D:9      | Noticed a two-headed ogre
  7363 | D:9      | Killed a two-headed ogre
  7393 | D:9      | Noticed a death yak
  7394 | D:9      | Noticed a death yak
  7394 | D:9      | Noticed Erica
  7394 | D:9      | Noticed a death yak
  7578 | D:8      | Killed a death yak
  7674 | D:9      | Killed a death yak
  7711 | D:9      | Found a shadowy altar of Dithmenos.
  7764 | D:9      | Found an iron altar of Okawaru.
  7770 | D:9      | Reached * piety under Ashenzari
  7808 | D:9      | Found a staircase to the Lair.
  7828 | D:9      | Reached XP level 12. HP: 47/94 MP: 0/0
  7914 | D:9      | Killed a death yak
  7915 | D:9      | Reached skill level 11 in Fighting
  8021 | Lair:1   | Entered Level 1 of the Lair of Beasts
  8270 | Lair:1   | Reached ** piety under Ashenzari
  8918 | Lair:2   | Identified the Spellbook of the Maledictive Congregation
                  | (You found it on level 8 of the Dungeon)
  8960 | Lair:2   | Reached skill level 12 in Fighting
  9070 | Lair:2   | Noticed an eight-headed hydra
  9092 | Lair:2   | Killed an eight-headed hydra
  9221 | Lair:2   | Noticed a pharaoh ant
  9232 | Lair:2   | Killed a pharaoh ant
  9233 | Lair:2   | Reached skill level 13 in Fighting
  9318 | Lair:2   | Found a staircase to the Swamp.
  9667 | Lair:2   | Found a hole to the Spider Nest.
 10024 | Lair:2   | Reached XP level 13. HP: 94/108 MP: 0/0
 10024 | Lair:2   | Learned a level 5 spell: Summon Mana Viper
 10244 | Lair:3   | Reached skill level 14 in Fighting
 10280 | Lair:3   | Reached skill level 5 in Armour
 10451 | Lair:3   | Noticed Urug
 10464 | Lair:3   | Killed Urug
 10620 | Lair:2   | Noticed a four-headed hydra
 11060 | Lair:3   | Reached *** piety under Ashenzari
 11801 | Lair:4   | Reached skill level 10 in Dodging
 12189 | Lair:5   | Entered Level 5 of the Lair of Beasts
 12229 | Lair:5   | Reached XP level 14. HP: 23/121 MP: 0/0
 12231 | Lair:5   | HP: 4/121 [death yak (17)]
 12706 | Lair:5   | Reached skill level 15 in Fighting
 12856 | Lair:5   | Reached skill level 16 in Fighting
 12869 | Lair:5   | Identified the cursed +0 helmet "Gnostic Augurer" {Self,
                  | Melee} (You took it off Robin on level 2 of the Dungeon)
 12869 | Lair:5   | Identified the cursed +0 pair of gloves "Share My Mistrust"
                  | {Cun, Range} (You found it on level 2 of the Dungeon)
 13208 | Lair:5   | Identified the +0 pair of boots of Ceutiopn {-Tele Regen+
                  | Dex+2}
 13210 | Lair:5   | Noticed a dire elephant
 13240 | Lair:5   | Killed a dire elephant
 13253 | Lair:5   | Identified the +1 robe of Submission {Int+8}
 13475 | Lair:5   | Found a staircase to the Slime Pits.
 13995 | D:10     | Entered Level 10 of the Dungeon
 14086 | D:10     | Found a staircase to the Orcish Mines.
 14796 | D:11     | Reached skill level 17 in Fighting
 14797 | D:11     | HP: 4/125 [wraith (5)]
 14898 | D:11     | HP: 3/125 [manticore/volley of spikes (22)]
 14899 | D:11     | Killed from afar by a manticore

Illustrated notes

Levels and vault maps discovered:
D:1:      wander_arrival_peaceful_grave, layout_basic,
          ebering_ecumenical_altar_box
D:2:      layout_loops_ring, uniq_robin, uniq_terence, uniq_natasha
D:3:      layout_basic
D:4:      layout_layer_cave, nicolae_figureground_sparkle,
          uniq_crazy_yiuf_cottage
D:5:      layout_basic, elyvilon_altar_1, kennysheep_generic_room_16, uniq_ijyb
D:6:      layout_gridville, nicolae_ossuary_entry_plus,
          kennysheep_generic_room_6
D:7:      dreamdust_elfheim, layout_loops_cross, mainiacjoe_overflow_big_doors,
          temple_doors_cd, uniq_prince_ribbit1
D:8:      layout_loops_ring, amcnicky_mini_corridor_feature,
          minmay_quadrilaterals, uniq_psyche, uniq_joseph
D:9:      layout_big_octagon, grunt_dithmenos_shadows,
          okawaru_altar_gauntlet_db, dpeg_lair_monsters, uniq_erica
D:10:     layout_basic, david_orc_2, nicolae_eternal_life
D:11:     minmay_the_grid_4x2 [minmay_the_grid_pillar_ring, minmay_the_grid_x,
          minmay_the_grid_minigrid_small_alt, minmay_the_grid_rooms,
          minmay_the_grid_minigrid_small, minmay_the_grid_outer_circle,
          minmay_the_grid_expand, minmay_the_grid_prize_inner_circle],
          layout_basic
Temple:   sentei_temple_godly_chess
Lair:1:   layout_cave_pods
Lair:2:   layout_layer_cave, swamp_mist, nicolae_spider_entry_lesser_pyramids,
          beast_lair_carwin_11, grunt_megastairs_3
Lair:3:   layout_long_grid, grunt_megastairs_5, infiniplex_staircase_pool_2,
          serial_bayou_shore_a, uniq_urug
Lair:4:   layout_gridlike, hibernation_bobbens, infiniplex_staircase_pool
Lair:5:   grunt_lair_end_beastmaster, layout_hall_layers, slime_entry_1,
          minmay_hedge_maze, eino_house_with_fridge

Skill      XL: |  1  2  3  4  5  6  7  8  9 10 11 12 13 14 |
---------------+-------------------------------------------+-----
Fighting       | 1 2 3 4 5 8 10 13 14 17 | 17.1
Spellcasting   | 4 5 6 7 8 9 10 | 10.1
Dodging        | 7 8 10 11 | 11.8
Armour         | 3 4 7 |  7.0
Evocations     | 3 4 |  4.0
Stealth        | |  1.5

Action                     |  1- 3 |  4- 6 |  7- 9 | 10-12 | 13-15 || total
---------------------------+-------+-------+-------+-------+-------++-------
  Melee: Unarmed           |       |     9 |       |       |       ||     9
         Short sword       |       |     4 |     1 |       |       ||     5
         Punch             |       |     1 |     1 |       |       ||     2
         Staff             |       |       |     3 |     6 |    14 ||    23
   Cast: Magic Dart        |    28 |     1 |       |       |       ||    29
         Searing Ray       |     4 |    15 |    32 |    15 |     5 ||    71
         Shock             |     3 |    43 |    16 |       |       ||    62
         Scorch            |       |     8 |       |    35 |    14 ||    57
         Iskenderun's Myst |       |     1 |    49 |    94 |   140 ||   284
         Fulminant Prism   |       |     1 |       |    16 |    19 ||    36
         Teleport Other    |       |       |     2 |       |     1 ||     3
         Gell's Gravitas   |       |       |       |     3 |     3 ||     6
         Airstrike         |       |       |       |    42 |    17 ||    59
         Summon Mana Viper |       |       |       |       |    17 ||    17
 Invoke: Curse Item        |       |       |       |     3 |     1 ||     4
  Evoke: Wand              |       |       |       |       |     7 ||     7
    Use: Potion            |       |     3 |       |     2 |     8 ||    13
         Scroll            |       |       |    10 |       |     5 ||    15
   Stab: Distracted        |       |       |       |       |     1 ||     1
 Armour: Skin              |       |    23 |       |       |     9 ||    32
         Robe              |       |     6 |     2 |       |     4 ||    12
         Steam dragon scal |       |       |     8 |    40 |    30 ||    78
  Dodge: Dodged            |     3 |    15 |    20 |    93 |   128 ||   259
  Block: Other             |       |       |    12 |    39 |    38 ||    89
         Reflection        |       |       |       |     2 |     5 ||     7

Table legend: (Time is in decaauts)
 A = Elapsed time spent in this place.
 B = Non-inter-level travel time spent in this place.
 C = Inter-level travel time spent in this place.
 D = Time resting spent in this place.
 E = Time spent auto-exploring this place.
 F = Levels seen in this place.
 G = Mean time per level.
                   A        B        C        D        E       F      G
               +--------+--------+--------+--------+--------+-----+--------+
         Total |  14927 |  13753 |   1174 |    995 |   9430 |  18 |  829.3 |
       Dungeon |   8483 |   7858 |    625 |    319 |   5645 |  11 |  771.2 |
        Temple |      7 |      3 |      4 |      0 |      2 |   1 |    7.0 |
          Lair |   5958 |   5414 |    544 |    565 |   3516 |   5 | 1191.6 |
       Ossuary |    477 |    477 |      0 |    111 |    267 |   1 |  477.0 |
               +--------+--------+--------+--------+--------+-----+--------+

Top non-repeatable levels by time:
  Lair:2: 1616 daAuts
  Lair:5: 1294 daAuts
  Lair:4: 1202 daAuts
  Lair:1: 1167 daAuts
     D:4: 1132 daAuts
     D:8: 987 daAuts
     D:9: 920 daAuts
     D:5: 900 daAuts
     D:3: 817 daAuts
     D:6: 779 daAuts
     D:7: 750 daAuts
     D:2: 718 daAuts
    D:10: 706 daAuts
  Lair:3: 677 daAuts
     D:1: 627 daAuts
